Map: Catalyst LE

Players

HateMe

  • Race: Zerg Zerg
  • Spawn Location: 11:00

ShoWTimE - Winner!

  • Race: Protoss Protoss
  • Spawn Location: 5:00

Event: WCS Leipzig 2018

VOD

Have the link to the VOD?

Description

Time

  • Played on: Jan. 26, 2018, 9:28 a.m.
  • Length: 27:20

All games in this series

Show
View Real Time Build Order
Export as new Build Order

HateMe Zerg 

Build Orders: Hatch First, Lurkers 

Get SALT Encoding   

  12  0:02  Drone  
  13  0:12  Overlord  
  13  0:17  Drone  
  14  0:31  Drone  
  15  0:45  Hatchery  
  14  0:50  Drone  
  14  0:52  Drone  
  14  0:56  Drone  
  17  1:00  Extractor  
  17  1:03  Drone  
  17  1:17  Spawning Pool  
  16  1:20  Drone  
  17  1:25  Drone  
  18  1:40  Drone  
  19  1:48  Overlord  
  19  1:58  Drone x2  
  21  2:04  Queen  
  21  2:05  Metabolic Boost  
  21  2:07  Zergling x2  
  24  2:09  Zergling x2  
  25  2:17  Queen  
  25  2:20  Drone  
  28  2:23  Drone  
  28  2:28  Drone  
  30  2:42  Hatchery  
  29  2:45  Drone  
  29  2:47  Drone  
  29  2:51  Overlord  
  31  2:55  Drone  
  31  2:56  Drone  
  33  2:59  Drone  
  33  3:01  Drone  
  35  3:09  Queen  
  35  3:12  Overlord  
  37  3:15  Drone  
  37  3:16  Drone  
  39  3:21  Drone x2  
  39  3:22  Drone  
  42  3:28  Drone x2  
  42  3:30  Spore Crawler  
  42  3:32  Drone  
  44  3:35  Spore Crawler  
  44  3:36  Drone  
  44  3:38  Drone  
  45  3:42  Drone  
  46  3:49  Lair  
  46  3:50  Overlord  
  46  3:52  Zergling x4  
  46  3:54  Zergling x2  
  46  3:55  Zergling x2  
  47  4:04  Drone  
  47  4:05  Drone x2, Baneling Nest  
  49  4:11  Overlord  
  49  4:13  Drone  
  49  4:14  Drone  
  49  4:16  Drone  
  52  4:18  Drone  
  52  4:19  Spore Crawler  
  52  4:21  Drone x2  
  54  4:25  Extractor  
  54  4:26  Drone, Extractor  
  53  4:31  Queen  
  53  4:33  Overlord  
  53  4:35  Drone  
  55  4:39  Drone  
  55  4:40  Drone  
  55  4:41  Drone  
  55  4:42  Drone  
  55  4:43  Drone  
  59  4:45  Drone  
  59  4:47  Drone x2  
  62  4:54  Hydralisk Den  
  62  4:58  Overlord  
  62  4:59  Zergling x4  
  63  5:00  Zergling x2  
  60  5:07  Extractor, Overlord  
  60  5:10  Overseer  
  60  5:11  Zergling x2  
  60  5:12  Zergling x8  
  64  5:15  Zergling x6  
  64  5:19  Overseer  
  67  5:22  Overlord  
  67  5:26  Hydralisk x2  
  71  5:32  Muscular Augments  
  71  5:35  Hydralisk  
  73  5:39  Hydralisk  
  68  5:43  Zergling x10  
  70  5:53  Hydralisk x2  
  70  5:55  Zergling x8  
  78  6:01  Hydralisk  
  78  6:02  Hydralisk  
  82  6:06  Hydralisk, Overlord  
  82  6:12  Drone x2  
  82  6:13  Drone x2  
  82  6:16  Evolution Chamber  
  85  6:20  Overlord  
  85  6:22  Drone x2  
  87  6:27  Drone  
  87  6:29  Drone x2  
  87  6:32  Drone x2  
  89  6:33  Drone  
  89  6:34  Drone x2  
  89  6:35  Drone  
  93  6:42  Zerg Missile Weapons Level 1  
  93  6:44  Extractor  
  93  6:46  Extractor  
  91  6:48  Drone x5  
  91  6:51  Overlord  
  96  6:54  Drone  
  96  6:55  Drone  
  96  6:58  Drone x2  
  100  7:02  Drone, Lurker Den  
  100  7:09  Drone  
  101  7:16  Hatchery  
  101  7:19  Overlord x2  
  101  7:20  Hydralisk x4  
  108  7:27  Overlord  
  107  7:31  Hydralisk x4  
  115  7:41  Overlord x2  
  115  7:43  Hydralisk x4  
  117  7:47  Zergling x6  
  117  7:51  Zergling x6  
  129  7:54  Zergling x4  
  132  8:08  Hatchery  
  132  8:10  Baneling x6  
  131  8:15  Zergling x4  
  131  8:16  Zergling x20  
  143  8:24  Zergling x6  
  139  8:32  Overlord  
  139  8:33  Lurker x10  
  149  8:35  Zergling x2  
  149  8:36  Zergling x2  
  151  8:44  Zergling x12  
  151  8:46  Baneling  
  151  8:47  Baneling x2, Overlord x2  
  157  8:56  Zergling x10  
  157  9:02  Zergling x2  
  161  9:09  Hydralisk x3  
  159  9:13  Hydralisk x6  
  159  9:15  Hydralisk x3  
  179  9:23  Hydralisk x4  
  176  9:41  Hydralisk  
  176  9:42  Hydralisk x5  
  173  9:49  Hydralisk x2  
  173  9:51  Zergling x2  
  173  9:52  Zergling x16  
  182  9:59  Hydralisk x3  
  188  10:01  Hydralisk  
  188  10:03  Hydralisk  
  188  10:06  Hydralisk  
  188  10:11  Hydralisk  
  188  10:13  Zergling x2  
  151  10:14  Hydralisk  
  151  10:16  Zergling x2  
  138  10:22  Zergling x14  
  138  10:27  Baneling x8  
  138  10:28  Baneling x2  
  145  10:30  Zergling x6  
  145  10:31  Zergling x4  
  145  10:32  Zergling x2  
  147  10:43  Zergling x8  
  147  10:49  Hydralisk x6  
  155  10:58  Zergling x16  
  155  11:02  Hydralisk x2  
  145  11:06  Hydralisk  
  145  11:09  Hydralisk  
  134  11:19  Hydralisk x7  
  147  11:33  Zergling x8  
  147  11:35  Zergling x2  
  147  11:37  Zergling x2  
  147  11:39  Zerg Missile Weapons Level 2  
  153  11:40  Hatchery  
  153  11:41  Zergling x2  
  153  11:42  Zergling x6  
  152  11:53  Drone x3, Extractor  
  154  12:04  Baneling  
  154  12:05  Baneling x5  
  154  12:06  Lurker x4  
  154  12:07  Overlord x2  
  158  12:11  Zergling x8  
  158  12:12  Zergling x16  
  158  12:13  Lurker  
  171  12:18  Lurker  
  172  12:25  Lurker  
  172  12:26  Overlord x2  
  172  12:27  Zergling x16  
  172  12:28  Zergling x2  
  180  12:41  Zergling x18  
  187  12:47  Lurker x3  
  179  12:51  Zergling x2  
  179  12:52  Zergling x16  
  168  13:01  Hydralisk x5  
  167  13:05  Lurker  
  167  13:06  Lurker  
  160  13:18  Zergling x16  
  156  13:22  Zergling x6  
  156  13:25  Zergling x2  
  156  13:26  Zergling x2  
  158  13:34  Zergling x12  
  158  13:37  Zergling x4  
  165  13:41  Zergling x4  
  165  13:42  Infestation Pit  
  165  13:44  Zergling x2  
  165  13:52  Hydralisk  
  165  13:53  Hydralisk x4  
  174  14:00  Hydralisk x3  
  176  14:10  Hydralisk x4  
  176  14:13  Zergling x6  
  146  14:17  Zergling x8  
  129  14:24  Hydralisk x3  
  135  14:32  Lurker  
  135  14:33  Lurker x5  
  141  14:38  Lurker  
  141  14:40  Zergling x10  
  147  14:49  Baneling x2  
  147  14:50  Baneling  
  126  15:00  Hydralisk x7  
  131  15:11  Hydralisk x4  
  133  15:19  Hydralisk  
  133  15:20  Hydralisk x2  
  132  15:23  Hydralisk  
  132  15:24  Hydralisk  
  132  15:28  Zergling x14  
  136  15:31  Hydralisk  
  131  15:37  Hydralisk x2  
  131  15:38  Zergling x2  
  131  15:42  Hydralisk  
  130  15:44  Hydralisk  
  135  15:50  Lurker x2  
  135  16:05  Zergling x14  
  135  16:06  Zergling x12  
  141  16:24  Lurker  
  141  16:25  Lurker  
  142  16:35  Hatchery  
  131  16:50  Lurker  
  131  16:51  Lurker x7  
  138  17:03  Hatchery  
  137  17:10  Hydralisk x3  
  143  17:16  Hydralisk  
  143  17:19  Lurker  
  143  17:21  Lurker  
  143  17:41  Zergling x12  
  143  17:42  Zergling x2  
  140  17:46  Hydralisk  
  130  17:56  Drone  
  130  17:57  Drone x2  
  123  18:12  Hydralisk x2  
  124  18:26  Hydralisk x2  
  121  18:50  Hydralisk x5  
  109  19:28  Hatchery  
  96  19:36  Hydralisk x6  
  106  19:50  Lurker  
  106  19:51  Lurker x4  
  90  20:11  Hydralisk  
  90  20:12  Hydralisk x2  
  63  20:40  Hatchery  
  62  20:44  Lurker  
  62  20:45  Lurker  
  62  20:47  Zergling x10  
  62  21:05  Drone  
  62  21:06  Drone x4  
  66  21:14  Drone  
  66  21:15  Drone  
  68  21:31  Drone x4  
  72  21:35  Drone  
  72  21:36  Drone  
  73  21:41  Drone  
  73  21:42  Drone  
  73  21:46  Drone  
  75  21:59  Extractor  
  73  22:01  Extractor  
  73  22:06  Drone x3  
  73  22:07  Drone x3  
  77  22:10  Hydralisk  
  79  22:18  Zergling x2  
  79  22:19  Zergling x10  
  84  22:34  Extractor  
  84  22:35  Extractor  
  84  22:37  Zergling x14  
  89  22:54  Hydralisk x2  
  89  22:56  Zergling x2  
  89  22:57  Zergling x6  
  86  23:01  Hydralisk  
  82  23:14  Baneling x3  
  82  23:24  Hydralisk  
  82  23:26  Drone  
  82  23:27  Drone x7  
  92  23:29  Baneling  
  92  23:30  Baneling  
  90  23:47  Baneling  
  90  23:48  Baneling, Hydralisk x2  
  88  23:53  Hydralisk  
  91  23:58  Zergling x6  
  88  24:06  Hydralisk  
  88  24:19  Hydralisk x3  
  73  24:57  Hydralisk x3  
  79  25:11  Hydralisk  
  81  25:25  Hatchery  
  81  25:27  Hydralisk  
  82  25:29  Queen  
  82  25:31  Hydralisk  
  86  26:08  Zergling x6  
  71  26:21  Infestor  
  71  26:22  Infestor  
  71  26:25  Zergling x2  
  71  27:07  Spawning Pool  
Show
View Real Time Build Order
Export as new Build Order

ShoWTimE Protoss - Winner!

Build Orders: 1 Gate Expand, Oracle Opening, Phoenix Opening, Archon Immortal, Zealot Archon, Archon Drop 

Get SALT Encoding   

  12  0:00  Probe  
  13  0:13  Probe  
  14  0:20  Pylon  
  14  0:25  Probe  
  15  0:38  Probe (Chrono Boost)  
  16  0:45  Gateway  
  16  0:47  Probe (Chrono Boost), Assimilator  
  17  0:52  Probe (Chrono Boost)  
  18  1:04  Probe  
  19  1:16  Probe  
  20  1:25  Nexus  
  20  1:35  Cybernetics Core  
  20  1:38  Probe  
  21  1:44  Assimilator  
  21  1:50  Probe  
  22  1:55  Pylon  
  22  2:03  Probe  
  23  2:11  Adept (Chrono Boost)  
  23  2:15  Probe  
  26  2:18  Stargate  
  26  2:24  Warp Gate  
  26  2:27  Probe (Chrono Boost)  
  27  2:30  Adept  
  29  2:37  Probe (Chrono Boost)  
  31  2:45  Probe (Chrono Boost)  
  31  2:46  Probe (Chrono Boost)  
  33  2:51  Probe x2 (Chrono Boost)  
  34  2:58  Oracle (Chrono Boost)  
  34  3:03  Probe x2  
  39  3:08  Pylon  
  39  3:15  Probe x2  
  41  3:26  Phoenix (Chrono Boost)  
  41  3:27  Probe  
  41  3:28  Probe  
  45  3:34  Robotics Facility  
  45  3:40  Probe (Chrono Boost)  
  45  3:41  Assimilator  
  47  3:43  Assimilator  
  47  3:45  Probe (Chrono Boost)  
  48  3:49  Probe (Chrono Boost)  
  48  3:52  Twilight Council  
  48  3:53  Probe (Chrono Boost)  
  48  3:54  Probe (Chrono Boost)  
  50  4:04  Probe  
  50  4:06  Probe  
  52  4:11  Gateway  
  52  4:12  Gateway  
  52  4:15  Gateway  
  53  4:19  Pylon  
  53  4:22  Warp Prism (Chrono Boost)  
  54  4:34  Templar Archives  
  54  4:37  Probe x2  
  56  4:43  Pylon  
  56  4:49  Probe  
  56  4:55  Probe  
  55  5:08  Nexus  
  55  5:11  Probe x2, Pylon  
  57  5:15  High Templar x3  
  57  5:16  High Templar  
  57  5:19  Gateway  
  57  5:20  Gateway, Archon x2  
  65  5:23  Observer (Chrono Boost)  
  65  5:24  Probe x2  
  68  5:36  Probe x2  
  68  5:40  Gateway x2  
  70  5:43  Shield Battery  
  70  5:47  Charge (Chrono Boost)  
  70  5:48  Probe x2  
  70  5:55  Immortal  
  74  6:00  Probe, Forge  
  74  6:01  Probe  
  76  6:10  Pylon  
  76  6:12  Probe  
  76  6:13  Probe  
  76  6:16  Pylon  
  78  6:21  Probe  
  78  6:24  Probe  
  78  6:25  Probe  
  81  6:26  Zealot x3, Pylon  
  86  6:33  Probe  
  86  6:35  High Templar x3  
  86  6:36  Shield Battery, Probe  
  86  6:39  Shield Battery  
  94  6:41  Archon  
  94  6:42  High Templar  
  94  6:45  Probe  
  94  6:46  Probe, Protoss Ground Weapons Level 1 (Chrono Boost)  
  98  6:47  Assimilator, Archon  
  98  6:51  Probe, Assimilator  
  99  6:57  Probe  
  99  6:59  Probe  
  101  7:03  Zealot x3  
  101  7:04  Probe  
  108  7:16  Psionic Storm, Pylon  
  108  7:17  Probe  
  108  7:18  Pylon  
  108  7:19  Zealot x3  
  108  7:20  Zealot  
  116  7:31  Pylon  
  116  7:35  Photon Cannon  
  116  7:36  High Templar x3, Pylon  
  122  7:42  Immortal  
  122  7:43  Photon Cannon  
  126  7:46  Pylon  
  126  7:48  Zealot x3  
  132  7:52  High Templar  
  128  8:08  Nexus, High Templar x2  
  128  8:12  Photon Cannon  
  132  8:15  Photon Cannon  
  132  8:16  Protoss Ground Weapons Level 2 (Chrono Boost), Photon Cannon  
  132  8:19  Shield Battery, Probe x2  
  135  8:20  Probe  
  135  8:22  Shield Battery  
  135  8:27  Immortal (Chrono Boost)  
  135  8:32  Zealot x2  
  143  8:37  Zealot x2  
  147  8:43  Assimilator  
  147  8:46  Assimilator  
  147  8:48  Gateway  
  147  8:49  Gateway  
  147  8:52  High Templar x3  
  153  8:59  Archon  
  151  9:05  High Templar  
  151  9:06  Probe  
  151  9:07  Probe  
  151  9:09  Archon  
  153  9:10  Immortal  
  153  9:15  Zealot x4  
  159  9:26  Zealot x3  
  163  9:43  Zealot x5  
  163  9:44  Archon  
  163  9:45  Archon  
  161  9:49  Observer  
  161  9:51  Zealot x3  
  154  10:04  Zealot x5  
  164  10:08  Zealot  
  164  10:09  Zealot  
  164  10:10  Immortal (Chrono Boost)  
  119  10:18  Zealot x3  
  110  10:25  High Templar x5  
  120  10:29  Archon  
  120  10:34  Zealot x2  
  124  10:38  Zealot  
  124  10:41  Observer (Chrono Boost), Zealot x2  
  125  10:51  Photon Cannon  
  125  10:54  Protoss Ground Weapons Level 3 (Chrono Boost)  
  125  10:55  Archon  
  125  10:57  Zealot x3, Immortal (Chrono Boost)  
  119  10:59  Zealot x5  
  119  11:02  Zealot  
  119  11:03  Zealot  
  94  11:16  High Templar x2  
  89  11:20  Zealot x6  
  89  11:22  Archon  
  89  11:23  Zealot x2  
  108  11:33  Immortal (Chrono Boost)  
  102  11:41  High Templar x4  
  109  11:47  High Templar  
  109  11:50  Zealot x5  
  121  12:02  Immortal (Chrono Boost)  
  121  12:04  Nexus  
  121  12:05  Pylon  
  125  12:08  Pylon  
  125  12:11  Zealot  
  125  12:13  Zealot x6  
  139  12:16  High Templar  
  139  12:20  Pylon  
  141  12:24  High Templar x2  
  141  12:29  Archon  
  145  12:33  Photon Cannon  
  145  12:34  Photon Cannon  
  143  12:43  Zealot x2  
  141  12:54  Zealot x3  
  141  12:58  Archon  
  143  13:00  Zealot x2  
  143  13:04  Zealot  
  147  13:09  Zealot x3  
  149  13:15  Zealot x3  
  144  13:22  Zealot x2  
  144  13:26  Oracle (Chrono Boost)  
  142  13:28  High Templar  
  142  13:31  High Templar x2  
  147  13:34  High Templar  
  147  13:38  Archon x2  
  145  13:43  Pylon  
  145  13:45  Pylon  
  145  13:54  Zealot x2  
  149  14:00  Pylon  
  145  14:04  Pylon  
  145  14:05  Pylon  
  145  14:09  Zealot x4  
  106  14:19  Archon  
  106  14:22  High Templar x5  
  106  14:34  Zealot  
  108  14:43  Nexus  
  108  14:45  Pylon  
  108  14:48  Zealot x3  
  113  14:54  Zealot x2  
  112  15:00  Zealot  
  111  15:14  Archon  
  111  15:20  Zealot x5  
  113  15:26  Cybernetics Core  
  105  15:37  Zealot x4  
  100  15:43  Assimilator, Oracle (Chrono Boost)  
  100  15:47  Assimilator  
  103  15:59  Probe  
  103  16:00  Probe x2  
  104  16:08  High Templar x6  
  100  16:14  Archon x2  
  97  16:42  Zealot x5  
  97  16:43  Zealot  
  97  16:47  Robotics Facility  
  93  17:04  Zealot  
  93  17:06  Zealot x2  
  93  17:07  Zealot  
  99  17:11  Zealot  
  101  17:32  Zealot x5  
  101  17:35  Gateway  
  101  17:36  Observer (Chrono Boost)  
  99  17:51  Zealot x2  
  97  18:01  High Templar x3  
  97  18:05  Archon  
  97  18:11  Immortal (Chrono Boost)  
  96  18:17  Pylon  
  100  18:21  Zealot x2  
  98  18:43  Observer  
  86  19:07  Immortal (Chrono Boost)  
  86  19:08  High Templar  
  87  19:17  Nexus, Zealot  
  87  19:18  Pylon  
  83  20:04  High Templar  
  63  20:30  Probe x2  
  63  20:31  Probe  
  66  20:42  Probe  
  67  20:45  Zealot x2  
  71  20:55  High Templar  
  73  21:09  Immortal (Chrono Boost)  
  77  21:15  Assimilator  
  77  21:18  Assimilator  
  77  21:19  Zealot  
  77  21:20  Zealot x2  
  83  21:33  Zealot  
  84  21:42  Zealot x2  
  88  21:52  Zealot  
  90  21:55  Zealot  
  92  22:03  High Templar x2  
  92  22:08  Archon  
  96  22:15  Pylon  
  96  22:22  Zealot x2  
  100  22:31  Pylon  
  100  22:35  Photon Cannon  
  100  22:44  High Templar x2, Zealot x2  
  105  22:59  Zealot, Archon  
  105  23:00  Zealot  
  109  23:18  Zealot x4  
  117  23:27  Zealot x2  
  121  23:40  Zealot x3  
  127  23:47  Zealot  
  129  24:02  Zealot x2  
  131  24:22  Zealot  
  133  24:41  Pylon  
  133  24:43  Pylon  
  133  24:45  Pylon  
  133  24:46  Nexus  
  133  24:48  Pylon  
  129  24:58  Zealot  
  129  24:59  High Templar x3, Zealot  
  139  25:00  High Templar  
  141  25:08  Archon x2  
  141  25:10  Photon Cannon  
  141  25:26  Observer  
  141  25:32  Probe x2  
  141  25:33  Probe  
  144  25:37  Photon Cannon  
  144  25:44  Probe x2  
  144  25:45  Probe  
  144  25:49  Zealot x3  
  153  26:05  Shield Battery  
  153  26:07  Pylon  
  153  26:23  High Templar x3, Zealot x2  
  153  26:24  Zealot  
  163  26:30  Archon  
  163  26:32  Assimilator  
  163  26:33  Probe x3  
  163  26:34  Assimilator  
  163  26:35  Pylon  
  166  26:50  Observer  
  164  26:57  Zealot x5  
Tags
 
Add a new tag
Caveats
  • Supply blocks, unpowered buildings, or Contaminate may cause inaccurate times.
  • Supply counts are checked every 10 seconds.